 Dungeon Crawl Stone Soup version 0.28-a0-689-ga55568f2eb (webtiles) character file.

Game seed: 11542106795564282888

539 BlueGoblin the Nimble (level 7, -4/35 HPs)
             Began as a Spriggan Monk on Oct 20, 2021.
             Slain by a wraith (13 damage)
             ... on level 5 of the Dungeon.
             The game lasted 00:08:54 (6421 turns).

BlueGoblin the Nimble (Spriggan Monk)               Turns: 6421, Time: 00:08:54

Health: -4/35      AC:  2    Str:  7    XL:     7   Next: 5%
Magic:  8/8        EV: 25    Int: 12    God:
Gold:   160        SH:  0    Dex: 19    Spells: 6/6 levels left

rFire   + + .      SeeInvis +   a - +7 short sword "Moaclucwyn" {flame, rPois rF++}
rCold   . . .      Faith    .   (shield restricted)
rNeg    . . .      Spirit   .   y - +0 robe
rPois   +          Reflect  .   (helmet restricted)
rElec   .          Harm     .   (no cloak)
rCorr   .          Rampage  .   (gloves unavailable)
Will    ++...                   (boots unavailable)
Stlth   ++++......              (no amulet)
HPRegen 0.11/turn               v - ring "Pextul" {Will+ Stlth+}
MPRegen 0.11/turn               (no ring)

@: slowed, quick
A: very small, no large weapons, unfitting armour, see invisible, speed 3
a: no special abilities


You were on level 5 of the Dungeon.
You visited 1 branch of the dungeon, and saw 5 of its levels.

You collected 160 gold pieces.

Inventory:

Hand Weapons
 a - the +7 short sword "Moaclucwyn" (weapon) {flame, rPois rF++}
   (You found it on level 4 of the Dungeon)

   It burns those it strikes, dealing additional fire damage.
   rF:        It greatly protects you from fire.
   rPois:     It protects you from poison.
 b - a +1 short sword of electrocution
 g - a +0 short sword
Missiles
 f - 222 stones
 l - 37 poisoned darts (quivered)
 p - 26 sling bullets
 x - 10 bolts
Armour
 y - a +0 robe (worn)
Jewellery
 u - a ring of fire
 v - the ring "Pextul" (left hand) {Will+ Stlth+}
   (You found it on level 4 of the Dungeon)

   [ring of willpower]

   Will:      It increases your willpower.
   Stlth:     It makes you more stealthy.
Wands
 n - a wand of iceblast (13)
 s - a wand of paralysis (5)
Scrolls
 c - a scroll of vulnerability {unknown}
 i - 3 scrolls of teleportation {unknown}
 j - 2 scrolls of enchant armour {unknown}
 k - 2 scrolls of identify
 m - a scroll of immolation {unknown}
 o - a scroll of fog {unknown}
 q - a scroll of fear {unknown}
 r - 3 scrolls of noise {unknown}
 t - a scroll of torment {unknown}
Potions
 d - a potion of might
 e - a potion of berserk rage {unknown}
 h - a potion of attraction
 w - a potion of heal wounds {unknown}


   Skills:
 - Level 2.4 Fighting
 - Level 3.2 Short Blades
 + Level 10.6 Dodging
 - Level 3.0 Stealth


You had 6 spell levels left.
You didn't know any spells.
Your spell library contained the following spells:

 Spells                   Type           Power      Damage    Failure   Level
 Sandblast                Erth           0%         2d4       32%         1
 Passwall                 Tmut/Erth      0%         N/A       45%         2
 Stone Arrow              Conj/Erth      0%         3d7       69%         3


Dungeon Overview and Level Annotations

Branches:
Dungeon (5/15)
 Temple: D:4-7

Altars:


Innate Abilities, Weirdness & Mutations

You are very small and have problems with some larger weapons.
You are too small for most types of armour.
You have supernaturally acute eyesight. (SInv)
You cover ground extremely quickly. (Speed+++)


Message History

You kill the hound!
You have reached level 7!
You see here a +0 giant spiked club.
You hit the wraith. You burn the wraith.
The wraith is lightly damaged.
The wraith misses you.
You puncture the wraith! You burn the wraith.
The wraith is heavily damaged.
The wraith hits you. The wraith drains your vigour!
You feel yourself slow down.
You hit the wraith but do no damage.
The wraith is heavily damaged.
The wraith closely misses you. The wraith completely misses you.
You puncture the wraith! You burn the wraith.
The wraith is severely damaged.
The wraith misses you.
You hit the wraith but do no damage.
The wraith is severely damaged.
The wraith completely misses you.
You barely miss the wraith.
The wraith is severely damaged.
The wraith completely misses you. The wraith misses you.
You hit the wraith but do no damage.
The wraith is severely damaged.
The wraith misses you.
You hit the wraith. You burn the wraith.
The wraith is severely damaged.
The wraith hits you! The wraith drains your vigour!
You feel as though you will be slow longer.
The wraith hits you!
* * * LOW HITPOINT WARNING * * *
The wraith drains your vigour!
You feel as though you will be slow longer.
The wraith barely misses you.
You see here the +4 mace of the Extremes {freeze, Contam Fly rPois SInv}.
You see here a book of Dreams.
Found a potion of curing.
There is a stone staircase leading up here.
The wraith hits you!
You die...

###..# #.# .. #..#
#)###.#.. #..#
#:#..!..# #..#
#######...#
#.#######.......#.#
#.............).#.#
#.#######.##....# .
#.# #.##.#######
#.# #.##.W@.#.. #.#
##...###.#.#
#.######.....##.#.#
#......<.....##...#
########.........##
##...###### #..##
#..# #..#


You could see a wraith.

Vanquished Creatures
  A water moccasin (D:4)
  2 ogres
  A hound (D:5)
  An orc priest (D:4)
  An orc wizard (D:4)
  8 adders
  A worm (D:3)
  2 dart slugs (D:2)
  8 orcs
  7 ball pythons
  7 bats
  5 endoplasms
  3 giant cockroaches
  4 goblins
  4 hobgoblins
  12 jackals
  11 kobolds
  6 quokkas
  2 frilled lizards
  5 rats
91 creatures vanquished.

Notes
Turn   | Place    | Note
-------+----------+-------------------------------------------
     0 | D:1      | BlueGoblin the Spriggan Monk began the quest for the Orb.
     0 | D:1      | Reached XP level 1. HP: 11/11 MP: 2/2
   527 | D:1      | Reached XP level 2. HP: 16/16 MP: 3/3
   915 | D:1      | Reached skill level 5 in Dodging
  1769 | D:1      | Reached XP level 3. HP: 16/19 MP: 4/4
  2265 | D:2      | Reached skill level 6 in Dodging
  2549 | D:2      | Reached XP level 4. HP: 23/23 MP: 5/5
  3370 | D:2      | Reached skill level 7 in Dodging
  3661 | D:3      | Found a faded altar of an unknown god.
  4307 | D:4      | Reached XP level 5. HP: 27/27 MP: 6/6
  4398 | D:4      | Reached skill level 8 in Dodging
  4582 | D:4      | Noticed an ogre
  5070 | D:4      | Identified the ring "Pextul" {Will+ Stlth+}
  5119 | D:4      | Noticed a steam dragon
  5552 | D:4      | Noticed a water moccasin
  5816 | D:4      | Killed a water moccasin
  5817 | D:4      | Reached skill level 9 in Dodging
  5817 | D:4      | Reached XP level 6. HP: 28/32 MP: 7/7
  6113 | D:4      | Identified the +7 short sword "Moaclucwyn" {flame, rPois
                  | rF++}
  6322 | D:5      | Entered Level 5 of the Dungeon
  6335 | D:5      | Reached skill level 10 in Dodging
  6390 | D:5      | Noticed a wraith
  6396 | D:5      | Reached XP level 7. HP: 35/35 MP: 8/8
  6412 | D:5      | Identified the +4 mace of the Extremes {freeze, Contam Fly
                  | rPois SInv}
  6421 | D:5      | Slain by a wraith

Illustrated notes

Levels and vault maps discovered:
D:1:      minmay_arrival_widening_spiral_wide, layout_loops_cross,
          minmay_splitting_lines, due_unseen_surprise
D:2:      layout_basic
D:3:      layout_basic, shapermc_ecumenical_altar_totnotflames
D:4:      layout_loops_ring, roderic_three_in_a_row
D:5:      layout_loops_ring, minmay_misc_feat_x

Skill      XL: |  1  2  3  4  5  6 |
---------------+-------------------+-----
Dodging        | 5 6 7 9 10 | 10.6
Fighting       | |  2.4
Short Blades   | |  3.2
Stealth        | |  3.0

Action                   |  1- 3 |  4- 6 |  7- 9 || total
-------------------------+-------+-------+-------++-------
Melee: Short sword       |   147 |   205 |     8 ||   360
Throw: Stone             |    20 |       |       ||    20
       Dart              |       |    12 |       ||    12
  Use: Scroll            |     1 |     4 |       ||     5
       Potion            |       |     2 |       ||     2
 Stab: Sleeping          |     7 |    12 |       ||    19
       Distracted        |       |     2 |       ||     2
Armor: Robe              |    15 |    12 |       ||    27
Dodge: Dodged            |   141 |   169 |     9 ||   319

Table legend: (Time is in decaauts)
 A = Elapsed time spent in this place.
 B = Non-inter-level travel time spent in this place.
 C = Inter-level travel time spent in this place.
 D = Time resting spent in this place.
 E = Time spent auto-exploring this place.
 F = Levels seen in this place.
 G = Mean time per level.
                   A        B        C        D        E       F      G
               +--------+--------+--------+--------+--------+-----+--------+
         Total |   4893 |   4732 |    161 |   1219 |   2519 |   5 |  978.6 |
       Dungeon |   4893 |   4732 |    161 |   1219 |   2519 |   5 |  978.6 |
               +--------+--------+--------+--------+--------+-----+--------+

Top non-repeatable levels by time:
     D:1: 1615 daAuts
     D:3: 1160 daAuts
     D:2: 1022 daAuts
     D:4: 1020 daAuts
     D:5: 75 daAuts
